 Dungeon Crawl Stone Soup version 0.27.0-1-g7a089689b8 (webtiles) character file.

Game seed: 8429298811320045140

41 Anothat the Chopper (level 3, -2/33 HPs)
             Began as a Hill Orc Monk on Aug 8, 2021.
             Frozen to death by an endoplasm (3 damage)
             ... on level 3 of the Dungeon on Aug 9, 2021.
             The game lasted 00:05:05 (2196 turns).

Anothat the Chopper (Hill Orc Monk)                 Turns: 2196, Time: 00:05:05

Health: -2/33      AC:  2    Str: 14    XL:     3   Next: 52%
Magic:  3/3        EV: 12    Int: 10    God:
Gold:   124        SH:  0    Dex: 13    Spells: 2/2 levels left

rFire    . . .     SeeInvis .   a - +0 hand axe
rCold    . . .     Faith    .   (no shield)
rNeg     . . .     Spirit   .   b - +0 robe
rPois    .         Reflect  .   (no helmet)
rElec    .         Harm     .   (no cloak)
rCorr    .         Rampage  .   (no gloves)
Will     .....                  (no boots)
Stlth    ++........             (no amulet)
HPRegen  0.11/turn              (no ring)
MPRegen  0.08/turn              (no ring)

@: about to teleport, weak-willed, very slightly contaminated
A: no striking features
a: no special abilities


You were on level 3 of the Dungeon.
You visited 1 branch of the dungeon, and saw 3 of its levels.

You collected 124 gold pieces.

Inventory:

Hand Weapons
 a - a +0 hand axe (weapon)
Armour
 b - a +0 robe (worn)
Jewellery
 d - an amulet of regeneration


   Skills:
 + Level 4.1 Fighting
 + Level 4.5 Axes
 + Level 2.7 Dodging
 + Level 2.1 Stealth


You had 2 spell levels left.
You didn't know any spells.
Your spell library contained the following spells:

 Spells                   Type           Power      Damage    Failure   Level
 Slow                     Hex            0%         N/A       50%         2
 Confusing Touch          Hex            0%         N/A       75%         3
 Vampiric Draining        Necr           0%         2d6       75%         3


Dungeon Overview and Level Annotations

Branches:
Dungeon (3/15)

Altars:

Shops:
D:1 *

Annotations:
D:3 1 runed translucent door, PeterMcNeter's ghost, weakling DrTm


Message History

The orc throws a boomerang.
Found a metallic brown potion.
A ball python comes into view.
The goblin shouts!
You hear a shout!
The goblin hits you with a +0 dagger.
* * * LOW HITPOINT WARNING * * *
A goblin comes into view. It is wielding a +0 club.
The ball python hisses angrily.
The orc shouts!
You open the door.
A black bear comes into view.
There is an open door here.
You close the door.
Something unseen opens the door.
You flicker for a moment.
An endoplasm comes into view.
As you read the scroll labelled LEUCANGUIGH, it crumbles to dust.
You feel aware of your surroundings.
It was a scroll of magic mapping.
As you read the scroll labelled JIVOSIH EQUMMO, it crumbles to dust.
Magic quickly surges around you.
It was a scroll of vulnerability.
As you read the scroll labelled ASAHUN HOBLIP, it crumbles to dust.
You feel strangely unstable.
It was a scroll of teleportation.
You flicker back into view.
The goblin shouts!
The black bear growls angrily.
The endoplasm completely misses you. The goblin hits you with a +0 club.
* * * LOW HITPOINT WARNING * * *
As you read the scroll labelled HORROM XIDWUI, it crumbles to dust.
It is a scroll of amnesia.
You feel forgetful for a moment. The endoplasm hits you.
* * * LOW HITPOINT WARNING * * *
The goblin closely misses you.
There are monsters nearby!
You slash the goblin!
You kill the goblin!
You hit the endoplasm.
The endoplasm jiggles.
The endoplasm hits you.
* * * LOW HITPOINT WARNING * * *
The endoplasm freezes you.
You are frozen.
You die...

,,,,**,**#.,,^,,,,,,,,*,,,* *,,,,
,,,,**.###.#####***,*,*,*,***,***
,,,,+,,........,,,,,,,,,,,,,,,,,,
,,,.##,*#.....#****,*,*,*,**,,***
,,.....##.....### *,*,*,*,**,,*
,,............'.# *,*,*,*,**,,*
**..!..##.....#.##*,,,*,*,,,,,***
*..###........#..#*****,*,,,,,,,,
..##⌠##.......##@## *,*,,,,*,,,
.##...##......##J.# *,*,,,,,,,,
##.....##(....###h#* *,*,,,,,,,,
#⌠.!♣!.W#g##### *..# *,****,,,,,
##.....##o# *#.#***,,,,,,,,,,
.##...##..# *..,,,,,,**,*,,,
..##.##..## *...,,,,,**,****
...#+#..## *....,,,,**,* *
<.......# **#+##*****,* *


You could see a black bear (weak-willed) and an endoplasm (weak-willed).

Vanquished Creatures
  An adder (D:2)
  A dart slug (D:2)
  3 endoplasms (D:2)
  5 goblins
  5 hobgoblins
  2 jackals (D:1)
  2 kobolds
  2 quokkas (D:2)
  A ball python (D:2)
  A bat (D:1)
  2 rats
25 creatures vanquished.

Notes
Turn   | Place    | Note
-------+----------+-------------------------------------------
     0 | D:1      | Anothat the Hill Orc Monk began the quest for the Orb.
     0 | D:1      | Reached XP level 1. HP: 19/19 MP: 1/1
   282 | D:1      | Noticed an eye of devastation
   283 | D:1      | Found Uqoshin's Assorted Antiques.
   284 | D:1      | Found a faded altar of an unknown god.
   290 | D:1      | Noticed a shining eye
   291 | D:1      | Noticed a great orb of eyes
   291 | D:1      | Noticed a shining eye
   348 | D:1      | Reached XP level 2. HP: 26/27 MP: 2/2
  1454 | D:2      | Reached XP level 3. HP: 23/33 MP: 3/3
  2153 | D:3      | Found a runed translucent door.
  2153 | D:3      | Noticed PeterMcNeter's ghost (weakling DrTm)
  2184 | D:3      | Noticed a black bear
  2195 | D:3      | HP: 1/33 [endoplasm (1)]
  2196 | D:3      | Frozen to death by an endoplasm

Illustrated notes

Levels and vault maps discovered:
D:1:      shiori_shiawase, layout_basic, serial_shops,
          nicolae_shop_behind_doors, hellmonk_ecumenical_altar_watching_god
D:2:      layout_loops_cross, minmay_misc_feat_encased, minmay_quadrilaterals
D:3:      layout_basic, hellmonk_ghost_happy_afterlife

Skill      XL: |  1  2 |
---------------+-------+-----
Stealth        | 2 |  2.1
Fighting       | 4 |  4.1
Axes           | |  4.5
Dodging        | |  2.7

Action                   || total
-------------------------++-------
Melee: Hand axe          ||    95
  Use: Potion            ||     2
       Scroll            ||     4
 Stab: Sleeping          ||     6
Armor: Robe              ||    13
       Skin              ||     6
Dodge: Dodged            ||    60
